 Dungeon Crawl Stone Soup version 0.17.0-26-gececa24 (webtiles) character file.

23440 lucasterio the Impaler (level 12, -4/113 HPs)
             Began as a Minotaur Berserker on Nov 20, 2015.
             Was a High Priest of Trog.
             Slain by a death yak (7 damage)
             ... on level 4 of the Lair of Beasts.
             The game lasted 01:07:49 (14422 turns).

lucasterio the Impaler (Minotaur Berserker)        Turns: 14422, Time: 01:07:49

Health: -4/113     AC: 17    Str: 31    XL:     12   Next: 71%
Magic:  13/13      EV:  7    Int:  4    God:    Trog [*****.]
Gold:   799        SH:  8    Dex: 12    Spells: 0 memorised, 11 levels left

rFire  . . .     SeeInvis .     G - +1 trident (venom)
rCold  . . .     Clarity  .     f - +0 chain mail
rNeg   . . .     SustAt   .     R - +0 shield
rPois  .         Gourm    .     (helmet restricted)
rElec  .         Spirit   .     S - +2 cloak
rCorr  +         Warding  .     l - +0 pair of gloves
rMut   .         Stasis   .     (no boots)
MR     ++...                    L - amulet of resist corrosion
Stlth  ..........               h - +6 ring of strength
                                E - ring of flight

@: regenerating, very resistant to hostile enchantments, extremely unstealthy
A: retaliatory headbutt, horns 2
a: Berserk, Trog's Hand, Brothers in Arms, Burn Spellbooks, Renounce Religion,
Evoke Flight


You were on level 4 of the Lair of Beasts.
You worshipped Trog.
Trog was extremely pleased with you.
You were not hungry.

You visited 2 branches of the dungeon, and saw 14 of its levels.

You collected 799 gold pieces.

Inventory:

Hand Weapons
 G - a +1 trident of venom (weapon)
 T - a +1 shortbow of velocity
Missiles
 i - 51 arrows
 v - 7 throwing nets (quivered)
Armour
 f - a +0 chain mail (worn)
 l - a +0 pair of gloves (worn)
 R - a +0 shield (worn)
 S - a +2 cloak (worn)
Jewellery
 h - a +6 ring of strength (right hand)
 E - a ring of flight (left hand)
 L - an amulet of resist corrosion (around neck)
Wands
 a - a wand of heal wounds (0)
 d - a wand of draining (5)
 q - a wand of confusion (27)
 y - a wand of fire (8)
 K - a wand of enslavement (0)
 P - a wand of disintegration (18)
 Q - a wand of slowing (24)
Scrolls
 e - 5 scrolls of fear
 g - 4 scrolls of teleportation
 m - a scroll of enchant weapon {unknown}
 n - 2 scrolls of identify
 o - 2 scrolls of random uselessness {unknown}
 p - 3 scrolls of noise {unknown}
 t - 3 scrolls of fog {unknown}
 u - 2 scrolls of magic mapping
 x - 2 scrolls of immolation {unknown}
 z - 2 scrolls of blinking
 F - a scroll of enchant armour {unknown}
 O - a scroll of recharging {unknown}
 Y - a scroll of silence {unknown}
 Z - 2 scrolls of brand weapon {unknown}
Potions
 A - 2 potions of haste
 B - 2 potions of magic {unknown}
 C - 3 potions of curing
 H - a potion of resistance {unknown}
 I - 4 potions of agility
 J - 2 potions of degeneration {unknown}
 M - 2 potions of invisibility {unknown}
 N - 2 potions of poison {unknown}
 V - a potion of beneficial mutation {unknown}
 X - a potion of heal wounds {unknown}
Books
 b - a book of Annihilations

   Spells                             Type                      Level
   a - Poison Arrow                   Conjuration/Poison           6
   b - Chain Lightning                Conjuration/Air              8
   c - Lehudib's Crystal Spear        Conjuration/Earth            8
   d - Glaciate                       Conjuration/Ice              9
   e - Fire Storm                     Conjuration/Fire             9
   Trog disapproves of the use of such an item.
Comestibles
 c - 13 bread rations


   Skills:
 + Level 12.8 Fighting
 * Level 17.1 Polearms
 + Level 12.4 Armour
 - Level 2.1 Dodging
 - Level 0.1 Stealth
 + Level 3.6 Evocations


You had 11 spell levels left.
You didn't know any spells.

Dungeon Overview and Level Annotations

Branches:
Dungeon (10/15)            Temple (0/1) D:7            Lair (4/8) D:9
  Swamp: Lair:3-6    Shoals: Lair:3-6     Snake: Lair:3-6    Spider: Lair:3-6
    Orc: D:9-12

Altars:
Ashenzari
Cheibriados
Dithmenos
Elyvilon
Gozag
Nemelex Xobeh
Okawaru
Ru
Trog
Vehumet
Xom
Yredelemnul

Shops:
D:10 %


Innate Abilities, Weirdness & Mutations

You reflexively headbutt those who attack you in melee.
You have a pair of horns on your head.


Message History

The death yak is severely wounded.
The death yak gores you but does no damage.
You hit the death yak but do no damage. You headbutt the death yak!
The death yak is almost dead.
You block the death yak's attack.
The death yak gores you but does no damage.
You hit the death yak but do no damage. You headbutt the death yak.
The death yak is almost dead.
The death yak gores you!
* * * LOW HITPOINT WARNING * * *
You hit the death yak but do no damage.
You headbutt the death yak, but do no damage.
The death yak is almost dead.
The death yak gores you!!
* * * LOW HITPOINT WARNING * * *
You puncture the death yak!
You kill the death yak!
Trog accepts your kill. The death yak gores you!
You die...

....................#
#...................#
.....................
.............<.#
...............##
................#
................## ###
.................##....#
....>...........@Yl.....
...###...#P..###..#.#..#
#P.####..##.## ##.# #
##.P###.8.### .#
##.###.....# .#
.#..##8.<.8# ..
.....#.....# ..
.P##......## #..
.###.#.#+..#


You could see a death yak and an iguana.

Vanquished Creatures
  Snorg (Lair:4)
  Harold (Lair:2)
  A catoblepas (Lair:3)
  2 death yaks (Lair:4)
  Sonja (Lair:1)
  2 hill giants (D:10)
  A griffon (Lair:2)
  2 black mambas (Lair:4)
  Maurice (D:9)
  Psyche (D:9)
  5 spiny frogs
  3 komodo dragons
  A troll (D:8)
  A queen bee (Lair:3)
  9 blink frogs
  A deep elf mage (D:10)
  The ghost of ConnectionFaild the Soothsayer, an amateur SpAr of Nemelex Xobeh (D:4)
  Eustachio (D:6)
  23 yaks
  A basilisk (Lair:2)
  4 hippogriffs
  2 hungry ghosts
  A human (D:7)
  Menkaure (D:5)
  3 water moccasins
  4 sky beasts
  4 porcupines
  5 orc warriors
  5 ice beasts
  3 ogres
  2 black bears
  2 wasps (D:9)
  3 phantoms
  5 centaurs
  Blork the orc (D:6)
  A big kobold (D:9)
  2 crocodiles (Lair:2)
  4 giant frogs
  A wyvern zombie (D:9)
  A scorpion (D:8)
  2 wyvern skeletons
  13 wights
  18 killer bees (Lair:3)
  5 crimson imps
  A centaur zombie (D:8)
  A giant frog zombie (D:6)
  2 centaur skeletons
  2 giant frog skeletons
  8 iguanas
  A jelly (D:9)
  Crazy Yiuf (D:2)
  6 hounds
  4 orc wizards
  6 orc priests
  A statue (D:7)
  3 worker ants
  11 sheep
  A hound zombie (D:10)
  6 gnolls
  20 adders
  27 river rats
  An ooze (D:1)
  An adder zombie (D:3)
  4 worms
  5 giant geckos
  24 orcs
  3 ball pythons (D:1)
  9 giant cockroaches
  15 goblins
  5 hobgoblins
  16 jackals
  10 kobolds
  2 quokkas
  4 bats
  5 giant newts
  8 rats
364 creatures vanquished.

Vanquished Creatures (collateral kills)
  4 killer bees (Lair:3)
  A river rat (Lair:2)
  An orc (D:9)
6 creatures vanquished.

Vanquished Creatures (others)
  A killer bee (Lair:3)
  2 fungi
3 creatures vanquished.

Grand Total: 373 creatures vanquished

Notes
Turn   | Place    | Note
--------------------------------------------------------------
     0 | D:1      | lucasterio the Minotaur Berserker began the quest for the Orb.
     0 | D:1      | Reached XP level 1. HP: 19/19 MP: 0/0
    75 | D:1      | HP: 1/20 [jackal (2)]
   412 | D:1      | Reached skill level 4 in Polearms
   412 | D:1      | Reached XP level 2. HP: 12/27 MP: 1/1
   933 | D:1      | Reached XP level 3. HP: 33/33 MP: 2/2
  1155 | D:1      | Reached ** piety under Trog
  1402 | D:2      | Found a shattered altar of Ashenzari.
  1408 | D:2      | Found a sacrificial altar of Ru.
  1410 | D:2      | Reached skill level 5 in Polearms
  1582 | D:2      | Noticed Crazy Yiuf
  1592 | D:2      | Killed Crazy Yiuf
  1592 | D:2      | Reached XP level 4. HP: 15/41 MP: 3/3
  2375 | D:3      | Reached skill level 6 in Polearms
  2375 | D:3      | Reached XP level 5. HP: 47/47 MP: 4/4
  2387 | D:3      | Reached skill level 5 in Fighting
  2429 | D:3      | Noticed a phantom
  2444 | D:3      | Killed a phantom
  2444 | D:3      | Reached XP level 6. HP: 49/56 MP: 5/5
  2633 | D:3      | Found a bloodstained altar of Trog.
  3100 | D:4      | Reached *** piety under Trog
  3138 | D:4      | Reached skill level 7 in Polearms
  3218 | D:4      | Found a shadowy altar of Dithmenos.
  3328 | D:4      | Reached XP level 7. HP: 55/62 MP: 6/6
  3432 | D:4      | Got an ichor-stained hunting sling
  3433 | D:4      | Identified the cursed +0 hunting sling "Reith" {venom, *Drain Str+5} (You found it on level 4 of the Dungeon)
  3944 | D:4      | Noticed ConnectionFaild's ghost (amateur SpAr)
  4006 | D:4      | Killed ConnectionFaild's ghost
  4006 | D:4      | Reached skill level 8 in Polearms
  4342 | D:5      | Entered Level 5 of the Dungeon
  4549 | D:5      | Noticed Menkaure
  4557 | D:5      | Killed Menkaure
  4782 | D:5      | Found an opulent altar of Gozag.
  5012 | D:5      | Reached skill level 9 in Polearms
  5012 | D:5      | Reached skill level 5 in Armour
  5232 | D:6      | Noticed Blork the orc
  5242 | D:6      | Killed Blork the orc
  5242 | D:6      | Reached XP level 8. HP: 59/71 MP: 7/7
  5525 | D:6      | Found an iron altar of Okawaru.
  5597 | D:6      | Found a basalt altar of Yredelemnul.
  5597 | D:6      | Found a shimmering altar of Xom.
  5932 | D:6      | Noticed Eustachio
  5951 | D:6      | Killed Eustachio
  6056 | D:6      | Found a snail-covered altar of Cheibriados.
  6270 | D:7      | Reached skill level 10 in Polearms
  6333 | D:7      | Found a staircase to the Ecumenical Temple.
  6574 | D:7      | Reached XP level 9. HP: 21/81 MP: 8/8
  6583 | D:7      | Reached skill level 11 in Polearms
  6680 | D:7      | Found a radiant altar of Vehumet.
  7404 | D:8      | Found a white marble altar of Elyvilon.
  7740 | D:8      | Reached skill level 12 in Polearms
  7900 | D:8      | Reached **** piety under Trog
  7909 | D:8      | Found a sparkling altar of Nemelex Xobeh.
  8254 | D:9      | Noticed Psyche
  8275 | D:9      | Killed Psyche
  8275 | D:9      | Reached XP level 10. HP: 66/91 MP: 9/9
  8580 | D:9      | Noticed Maurice
  8600 | D:9      | Killed Maurice
  8600 | D:9      | Reached skill level 13 in Polearms
  8678 | D:9      | Found a staircase to the Lair.
  9538 | D:10     | Entered Level 10 of the Dungeon
  9550 | D:10     | Reached skill level 10 in Fighting
  9953 | D:10     | Reached skill level 14 in Polearms
 10048 | D:10     | Noticed a hill giant
 10054 | D:10     | Killed a hill giant
 10054 | D:10     | Reached skill level 10 in Armour
 10235 | D:10     | Reached XP level 11. HP: 71/101 MP: 10/10
 10237 | D:10     | Noticed a hill giant
 10245 | D:10     | Killed a hill giant
 10306 | D:10     | Found Saloqie's Food Emporium.
 10456 | Lair:1   | Entered Level 1 of the Lair of Beasts
 10679 | Lair:2   | Noticed Sonja
 10698 | Lair:1   | Killed Sonja
 10739 | Lair:2   | Reached skill level 15 in Polearms
 11049 | Lair:2   | Noticed Harold
 11075 | Lair:2   | Killed Harold
 12379 | Lair:3   | Reached ***** piety under Trog
 12749 | Lair:3   | Reached skill level 16 in Polearms
 12759 | Lair:3   | Reached skill level 1 in Evocations
 12817 | Lair:3   | Reached XP level 12. HP: 112/112 MP: 11/11
 13065 | Lair:3   | Noticed a catoblepas
 13083 | Lair:3   | Killed a catoblepas
 13719 | Lair:4   | Noticed Snorg
 13725 | Lair:4   | Killed Snorg
 14155 | Lair:4   | Reached skill level 17 in Polearms
 14421 | Lair:4   | HP: 2/113 [death yak (18)]
 14422 | Lair:4   | Slain by a death yak

Action                   |  1- 3 |  4- 6 |  7- 9 | 10-12 || total
-------------------------+-------+-------+-------+-------++-------
Melee: Spear             |   131 |   174 |       |       ||   305
       Trident           |       |    14 |   422 |   736 ||  1172
 Fire: Hunting sling     |       |       |    76 |       ||    76
Throw: Throwing net      |       |       |       |     5 ||     5
Invok: Trog's Hand       |     1 |     1 |     7 |     7 ||    16
       Berserk           |       |     1 |     4 |    13 ||    18
       Brothers in Arms  |       |       |       |     4 ||     4
       Burn Spellbooks   |       |       |       |     2 ||     2
Evoke: Wand              |       |       |       |     5 ||     5
  Use: Scroll            |       |       |     4 |    12 ||    16
       Potion            |       |       |       |     6 ||     6
  Eat: Chunk             |     2 |     7 |    24 |    30 ||    63
       Fruit             |       |       |     2 |     6 ||     8
       Beef jerky        |       |       |     1 |     1 ||     2
       Pizza             |       |       |     1 |       ||     1
